[Event "ICC 60 30 u"]
[Site "Internet Chess Club"]
[Date "2014.06.07"]
[Round "1"]
[White "bronxbattler"]
[Black "Shafkat"]
[Result "1-0"]
[ICCResult "Black resigns"]
[WhiteElo "2200"]
[BlackElo "1666"]
[Opening "QGD: exchange, positional line, 5...c6"]
[ECO "D35"]
[NIC "QO.16"]
[Time "15:02:23"]
[TimeControl "3600+30"]

1. d4 d5 2. c4 e6 3. Nc3 Nf6 4. cxd5 exd5 5. Bg5 c6 6. e3 Be7 7. Bd3 Nbd7 8.
Nge2 O-O 9. O-O Re8 10. f3 Nf8 11. Bh4 Ng6 12. Bf2 c5 13. Rc1 c4 14. Bb1 Be6
15. Kh1 Qd7 16. Bg1 Bf8 17. e4 dxe4 18. fxe4 Bg4 19. Qd2 Bxe2 20. Qxe2 b5
21. e5 b4 22. Ne4 Nxe4 23. Bxe4 Rac8 24. Bf5 Qc6 25. Bxc8 Rxc8 26. Rc2 c3
27. bxc3 bxc3 28. Qf2 {Black resigns} 1-0

[Event "ICC 60 30 u"]
[Site "Internet Chess Club"]
[Date "2014.06.07"]
[Round "1"]
[White "bronxbattler"]
[Black "xionoula"]
[Result "1-0"]
[ICCResult "Black resigns"]
[WhiteElo "2200"]
[BlackElo "1400"]
[Opening "QGD Slav: 4.e3"]
[ECO "D11"]
[NIC "SL.01"]
[Time "15:02:23"]
[TimeControl "3600+30"]

1. d4 d5 2. c4 c6 3. Nf3 Nf6 4. e3 a6 5. Nc3 b5 6. c5 Nbd7 7. Be2 g6 8. O-O
Bg7 9. b4 a5 10. bxa5 Qxa5 11. Bb2 Qc7 12. a4 bxa4 13. Rxa4 Rxa4 14. Qxa4
Bb7 15. Ra1 O-O 16. Qa5 Qxa5 17. Rxa5 Ra8 18. Rxa8+ Bxa8 19. Nd2 e5 20. Nb3
exd4 21. exd4 Ne8 22. Na4 Nc7 23. Nb6 Nxb6 24. cxb6 {Black resigns} 1-0

[Event "ICC 60 30 u"]
[Site "Internet Chess Club"]
[Date "2014.06.07"]
[Round "1"]
[White "bronxbattler"]
[Black "RobbieWilliams"]
[Result "1-0"]
[ICCResult "Black resigns"]
[WhiteElo "2200"]
[BlackElo "1790"]
[Opening "King's Indian: Petrosian system, Stein variation"]
[ECO "E92"]
[NIC "KI.17"]
[Time "15:02:23"]
[TimeControl "3600+30"]

1. Nf3 Nf6 2. c4 g6 3. Nc3 Bg7 4. e4 d6 5. d4 O-O 6. Be2 e5 7. d5 a5 8. h3
Na6 9. Be3 Nc5 10. Nd2 Ne8 11. g4 f5 12. exf5 gxf5 13. Qc2 Na6 14. gxf5 Bxf5
15. Nde4 Nf6 16. a3 Kh8 17. Bd3 Nxe4 18. Nxe4 Qh4 19. O-O-O b6 20. Rdg1 Nc5
21. Nxc5 {Black resigns} 1-0

[Event "ICC 60 30 u"]
[Site "Internet Chess Club"]
[Date "2014.06.07"]
[Round "1"]
[White "bronxbattler"]
[Black "Rotchopf"]
[Result "1-0"]
[ICCResult "Black resigns"]
[WhiteElo "2200"]
[BlackElo "1400"]
[Opening "Old Indian defense"]
[ECO "A53"]
[NIC "QP.07"]
[Time "15:02:23"]
[TimeControl "3600+30"]

1. d4 Nf6 2. c4 d6 3. Nf3 Bg4 4. Qb3 Qc8 5. g3 g6 6. Bg2 Bg7 7. h3 Bxf3 8.
Qxf3 Nc6 9. Qd3 O-O 10. O-O e5 11. d5 Ne7 12. Nc3 Nd7 13. e4 f5 14. Bd2 f4
15. b4 g5 16. Rfc1 Nf6 17. c5 Qd7 18. cxd6 cxd6 19. Qb5 Rad8 20. Qxd7 Rxd7
21. Nb5 f3 22. Bxf3 Nfxd5 23. Bg4 Nf6 {Black resigns} 1-0

[Event "ICC 60 30 u"]
[Site "Internet Chess Club"]
[Date "2014.06.07"]
[Round "1"]
[White "bronxbattler"]
[Black "Zebbile"]
[Result "1-0"]
[ICCResult "Black resigns"]
[WhiteElo "2200"]
[BlackElo "1943"]
[Opening "Caro-Kann: classical, Spassky variation"]
[ECO "B18"]
[NIC "CK.12"]
[Time "15:02:23"]
[TimeControl "3600+30"]

1. e4 c6 2. d4 d5 3. Nc3 dxe4 4. Nxe4 Bf5 5. Ng3 Bg6 6. Nf3 Nd7 7. h4 h6 8.
h5 Bh7 9. Bd3 Bxd3 10. Qxd3 Qc7 11. Bd2 e6 12. O-O-O Ngf6 13. Qe2 O-O-O 14.
Ne5 Nb6 15. Ba5 Rd5 16. Bxb6 axb6 17. c4 Ra5 18. Kb1 c5 19. d5 Bd6 20. f4
exd5 21. cxd5 Re8 22. Rhe1 Ra4 23. Qf3 Kb8 24. Nf5 Nd7 25. Nc6+ bxc6 26.
Rxe8+ Ka7 27. Nxd6 Nf6 28. Re7 {Black resigns} 1-0

[Event "ICC 60 30 u"]
[Site "Internet Chess Club"]
[Date "2014.06.07"]
[Round "1"]
[White "bronxbattler"]
[Black "Jingo"]
[Result "1-0"]
[ICCResult "Black resigns"]
[WhiteElo "2200"]
[BlackElo "1806"]
[Opening "Queen's Indian: Petrosian system"]
[ECO "E12"]
[NIC "QI.04"]
[Time "15:02:23"]
[TimeControl "3600+30"]

1. d4 Nf6 2. c4 e6 3. Nf3 b6 4. a3 Bb7 5. Nc3 d5 6. Bg5 Be7 7. Bxf6 Bxf6 8.
cxd5 exd5 9. g3 O-O 10. Bg2 c5 11. O-O Na6 12. e3 Qe7 13. Qa4 Rfd8 14. Rfd1
Nc7 15. Rac1 c4 16. Ne2 b5 17. Qa5 a6 18. Nf4 g6 19. h4 Ne6 20. Ne5 Nxf4 21.
exf4 Bxe5 22. fxe5 Bc8 23. Qb4 Qxb4 24. axb4 Bf5 25. Ra1 Bc2 26. Re1 Kf8 27.
e6 Ke7 28. exf7+ Kxf7 29. Re5 Be4 30. Bxe4 dxe4 31. Rxe4 Rd6 32. Rae1 Ra7
33. R1e3 Rad7 34. Rf3+ Rf6 35. Rxf6+ Kxf6 36. f3 a5 37. bxa5 b4 38. Kf2 c3
39. bxc3 bxc3 40. Ke2 Rd5 41. Kd3 Rxa5 42. Rf4+ Ke7 43. Kxc3 Ra1 44. Kd3
Ra3+ 45. Ke4 Ra1 46. h5 g5 47. Rf5 Re1+ 48. Kd3 h6 49. Re5+ Rxe5 50. dxe5
{Black resigns}
1-0

[Event "ICC 60 30 u"]
[Site "Internet Chess Club"]
[Date "2014.06.07"]
[Round "1"]
[White "bronxbattler"]
[Black "zena"]
[Result "1-0"]
[ICCResult "Black resigns"]
[WhiteElo "2200"]
[BlackElo "1574"]
[Opening "Queen's pawn"]
[ECO "A40"]
[NIC "QO.17"]
[Time "15:02:23"]
[TimeControl "3600+30"]

1. d4 f6 2. e4 e6 3. Bd3 d6 4. c3 Nd7 5. Nf3 Nb6 6. O-O Bd7 7. Re1 Qe7 8. a4
Nc8 9. Na3 c6 10. b4 Kd8 11. b5 g6 12. c4 Bg7 13. a5 Qf7 14. Nc2 Nge7 15. a6
b6 16. bxc6 Nxc6 17. Ba3 Re8 18. Nb4 N6e7 19. e5 d5 20. cxd5 exd5 21. Rc1
Rg8 22. Qc2 h6 23. Qc7+ Ke8 24. Qb7 f5 25. Qxa8 Qe6 26. Qb7 Kf7 27. Rc7 Rd8
28. Rec1 g5 29. Nc6 Nxc6 30. R1xc6 {Black resigns} 1-0

[Event "ICC 60 30 u"]
[Site "Internet Chess Club"]
[Date "2014.06.07"]
[Round "1"]
[White "bronxbattler"]
[Black "TahoeSam"]
[Result "0-1"]
[ICCResult "White resigns"]
[WhiteElo "2200"]
[BlackElo "1963"]
[Opening "Bogo-Indian defense, Nimzovich variation"]
[ECO "A40"]
[NIC "QO.17"]
[Time "15:02:23"]
[TimeControl "3600+30"]

1. d4 e6 2. c4 Bb4+ 3. Bd2 Qe7 4. Nf3 Nf6 5. g3 Nc6 6. Bg2 Bxd2+ 7. Nbxd2 a5
8. O-O d6 9. e4 e5 10. d5 Nb8 11. Ne1 h5 12. h3 h4 13. g4 O-O 14. Nd3 Na6
15. b3 Nd7 16. a3 Ndc5 17. Nb2 Bd7 18. Qc2 c6 19. Qc3 cxd5 20. cxd5 Nc7 21.
b4 Nb5 22. Qe3 axb4 23. axb4 Na6 24. Qb6 Nxb4 25. Nb3 Nc2 26. Rxa8 Rxa8 27.
Qxb7 Qd8 28. Nc4 Rb8 29. Qa6 Qc7 30. Ncd2 Nc3 31. Qa5 Qc8 32. Bf3 Ra8 33.
Qb6 Ra6 {White resigns} 0-1

[Event "ICC 60 30 u"]
[Site "Internet Chess Club"]
[Date "2014.06.07"]
[Round "1"]
[White "bronxbattler"]
[Black "chess24"]
[Result "0-1"]
[ICCResult "White resigns"]
[WhiteElo "2200"]
[BlackElo "2029"]
[Opening "King's Indian: orthodox, Aronin-Taimanov variation (Yugoslav attack / Mar del Plata variation)"]
[ECO "E97"]
[NIC "KI.07"]
[Time "15:02:23"]
[TimeControl "3600+30"]

1. d4 Nf6 2. c4 g6 3. Nf3 Bg7 4. Nc3 O-O 5. e4 d6 6. Be2 e5 7. O-O Nc6 8. d5
Ne7 9. Nd2 Ne8 10. b4 f5 11. c5 Nf6 12. f3 f4 13. Nc4 g5 14. Ba3 Ne8 15. Rc1
Rf7 16. b5 Ng6 17. b6 axb6 18. cxb6 cxb6 19. Qb3 Bf8 20. Rb1 h5 21. Nxb6 Rb8
22. Rfc1 g4 23. Nxc8 Rxc8 24. fxg4 Nh4 25. Qd1 Qg5 26. Bf3 hxg4 27. Bxg4 f3
28. h3 Qe3+ 29. Kh2 fxg2 30. Rc2 Rf1 31. Be6+ Kh8 32. Qh5+ Bh6 33. Rxg2 Qf4+
{White resigns}
0-1

[Event "ICC 60 30 u"]
[Site "Internet Chess Club"]
[Date "2014.06.07"]
[Round "1"]
[White "bronxbattler"]
[Black "Qui"]
[Result "1/2-1/2"]
[ICCResult "Game drawn by mutual agreement"]
[WhiteElo "2200"]
[BlackElo "1954"]
[Opening "QGD Slav: 3.Nf3"]
[ECO "D11"]
[NIC "SL.01"]
[Time "15:02:23"]
[TimeControl "3600+30"]

1. d4 d5 2. c4 c6 3. Nf3 Nf6 4. Qc2 g6 5. e3 Bf5 6. Bd3 Bxd3 7. Qxd3 Bg7 8.
Nc3 Nbd7 9. O-O O-O 10. e4 dxe4 11. Nxe4 Nxe4 12. Qxe4 Re8 13. Bf4 Qb6 14.
b3 c5 15. Be3 cxd4 16. Bxd4 Bxd4 17. Qxd4 Qxd4 18. Nxd4 a6 19. Rad1 Rad8 20.
Nc2 Nf6 21. f3 Kf8 22. Kf2 h5 23. h4 e6 24. Ke2 Ke7 25. Nb4 Rd6 26. Rxd6
Kxd6 27. Rd1+ Kc5 28. Nd3+ Kd4 29. f4 Re7 30. g3 Kc3 31. Nc5 Kb4 32. Nd3+
Kc3 33. Rc1+ Kd4 34. Rd1 Kc3 35. Rc1+ Kd4 {Game drawn by mutual agreement}
1/2-1/2

[Event "ICC 60 30 u"]
[Site "Internet Chess Club"]
[Date "2014.06.07"]
[Round "1"]
[White "bronxbattler"]
[Black "Kenneth"]
[Result "1-0"]
[ICCResult "Black resigns"]
[WhiteElo "2200"]
[BlackElo "2188"]
[Opening "Benoni defense"]
[ECO "A61"]
[NIC "BI.38"]
[Time "15:02:23"]
[TimeControl "3600+30"]

1. d4 Nf6 2. c4 c5 3. d5 e6 4. Nc3 exd5 5. cxd5 d6 6. Nf3 g6 7. h3 a6 8. a4
Qe7 9. Bf4 Bg7 10. e3 O-O 11. Be2 Nbd7 12. O-O Ne8 13. Bh2 f5 14. Nd2 Ne5
15. Kh1 Rb8 16. a5 Nc7 17. f4 Nd7 18. Bg1 Bxc3 19. bxc3 Nxd5 20. Bc4 Nf6 21.
Re1 Kg7 22. e4 fxe4 23. Nxe4 Nxe4 24. Qxd5 Bf5 25. Bd3 Rbe8 26. Rab1 Rf7 27.
Re3 Nxc3 28. Qb3 Qf6 29. Rxe8 Bxd3 30. Re6 c4 31. Rxf6 cxb3 32. Rxf7+ Kxf7
33. Rxb3 {Black resigns} 1-0

[Event "ICC 60 30 u"]
[Site "Internet Chess Club"]
[Date "2014.06.07"]
[Round "1"]
[White "bronxbattler"]
[Black "moonroses"]
[Result "1-0"]
[ICCResult "Black resigns"]
[WhiteElo "2200"]
[BlackElo "1796"]
[Opening "Queen's Indian: Petrosian system"]
[ECO "E12"]
[NIC "QI.04"]
[Time "15:02:23"]
[TimeControl "3600+30"]

1. d4 Nf6 2. c4 e6 3. Nf3 b6 4. a3 Bb7 5. Nc3 d5 6. Bg5 Be7 7. Bxf6 Bxf6 8.
cxd5 exd5 9. g3 O-O 10. Bg2 Na6 11. O-O c6 12. e3 Nc7 13. b4 Ne8 14. e4 dxe4
15. Nxe4 Be7 16. Re1 Nc7 17. Ne5 Ne6 18. Nf3 a5 19. Rb1 axb4 20. axb4 Ra7
21. h4 Qa8 22. Neg5 Bxg5 23. Nxg5 Nxg5 24. hxg5 Qd8 25. Qd2 Ba8 26. Ra1 Rd7
27. b5 Rxd4 28. Qc1 Rd6 29. bxc6 Qc7 30. Ra3 Rc8 31. Rc3 g6 32. Qc2 b5 33.
Rc5 b4 34. Qc4 Rb8 35. Rce5 Rf8 36. Re7 Qb6 37. c7 Bb7 38. Bxb7 Qxb7 39.
Rxf7 Rc6 40. Ree7 {Black resigns} 1-0

[Event "ICC 60 30 u"]
[Site "Internet Chess Club"]
[Date "2014.06.07"]
[Round "1"]
[White "bronxbattler"]
[Black "MaxWeber"]
[Result "1/2-1/2"]
[ICCResult "Game drawn by mutual agreement"]
[WhiteElo "2200"]
[BlackElo "1400"]
[Opening "QGD Slav: 3.Nf3"]
[ECO "D11"]
[NIC "SL.01"]
[Time "15:02:23"]
[TimeControl "3600+30"]

1. d4 d5 2. c4 c6 3. Nf3 Nf6 4. Qc2 e6 5. Nbd2 b6 6. g3 Ba6 7. Bg2 Bb4 8.
O-O Bxd2 9. Nxd2 Nbd7 10. e4 O-O 11. b3 Rc8 12. Re1 dxe4 13. Nxe4 Nxe4 14.
Qxe4 h6 15. Bb2 Nf6 16. Qc2 Re8 17. Rad1 Bb7 18. c5 Nd5 19. a3 Rc7 20. b4 b5
21. h4 Qf6 22. Be4 Rd7 23. Qe2 Ra8 24. Ra1 a5 25. Qd2 a4 26. Rad1 Rad8 27.
Bb1 Kf8 28. Qd3 Re8 29. Qh7 Ke7 30. Re4 Rdd8 31. Ree1 Kd7 32. Qe4 Kc7 33.
Rd3 g5 34. hxg5 hxg5 35. Qe5+ Qxe5 36. Rxe5 f6 37. Re1 Bc8 38. Kg2 Rh8 39.
Rdd1 Rh6 40. Rh1 Rdh8 41. Rxh6 Rxh6 42. Rh1 Rxh1 43. Kxh1 Kd8 44. Kg2
{Game drawn by mutual agreement}
1/2-1/2

[Event "ICC 60 30 u"]
[Site "Internet Chess Club"]
[Date "2014.06.07"]
[Round "1"]
[White "bronxbattler"]
[Black "TALEKHIN"]
[Result "1/2-1/2"]
[ICCResult "Game drawn by repetition"]
[WhiteElo "2200"]
[BlackElo "1936"]
[Opening "Benoni defense"]
[ECO "A61"]
[NIC "BI.38"]
[Time "15:02:23"]
[TimeControl "3600+30"]

1. d4 Nf6 2. c4 c5 3. d5 e6 4. Nc3 exd5 5. cxd5 g6 6. Nf3 d6 7. h3 Bg7 8. e4
O-O 9. Bd3 Nbd7 10. O-O Ne8 11. Bf4 Ne5 12. Nxe5 dxe5 13. Be3 b6 14. a3 f5
15. f3 f4 16. Bf2 Nd6 17. Nb5 Rf7 18. Nxd6 Qxd6 19. Rc1 Bd7 20. Qe2 a5 21.
Bb5 Bf8 22. Bxd7 Qxd7 23. b4 axb4 24. axb4 cxb4 25. Bxb6 Qd6 26. Bc5 Qxc5+
27. Rxc5 Bxc5+ 28. Kh2 Rb7 29. Rb1 Rab8 30. Rb3 Bd6 31. h4 Rb6 32. Qa2 Kg7
33. Qa7+ R8b7 34. Qa8 Rb8 35. Qa7+ R8b7 36. Qa8 Rb8 37. Qa7+ R8b7
{Game drawn by repetition}
1/2-1/2

[Event "ICC 60 30 u"]
[Site "Internet Chess Club"]
[Date "2014.06.07"]
[Round "1"]
[White "bronxbattler"]
[Black "sapainca"]
[Result "1/2-1/2"]
[ICCResult "Game drawn by repetition"]
[WhiteElo "2200"]
[BlackElo "1801"]
[Opening "King's Indian: Sämisch, orthodox, 7.d5 c6"]
[ECO "E88"]
[NIC "KI.41"]
[Time "15:02:23"]
[TimeControl "3600+30"]

1. d4 Nf6 2. c4 g6 3. Nc3 Bg7 4. e4 d6 5. f3 O-O 6. Be3 e5 7. d5 c6 8. Bd3
Nh5 9. Nge2 cxd5 10. cxd5 a6 11. O-O f5 12. exf5 gxf5 13. Qd2 f4 14. Bf2 Nd7
15. Ne4 Ndf6 16. N2c3 b5 17. Rac1 Bb7 18. Nxf6+ Nxf6 19. Bf5 Bc8 20. Bxc8
Rxc8 21. Qd3 Qd7 22. Bh4 Rc7 23. Bxf6 Bxf6 24. Ne4 Kg7 25. Qd2 Rfc8 26. a3
Rc4 27. Rxc4 Rxc4 28. Rc1 Be7 29. Rxc4 bxc4 30. h3 Qb7 31. Kh2 h6 32. Qa5
Kf7 33. Qd2 Kg7 34. Kg1 Kg6 35. Kf1 Qb5 36. Ke1 Bh4+ 37. Kd1 Be7 38. Kc1 Kg7
39. Kb1 Kg6 40. Ka1 Kh5 41. Nc3 Qc5 42. Qc2 Kh4 43. Qf5 Qg1+ 44. Ka2 Qxg2
45. Qe6 Qg5 46. Ne4 Qg7 47. Nxd6 Bxd6 48. Qxd6 Kg3 49. Qe6 Qb7 50. d6 Qb3+
51. Ka1 Qd1+ 52. Ka2 Qb3+ 53. Ka1 Qd1+ 54. Ka2 Qb3+ {Game drawn by
repetition} 1/2-1/2

[Event "ICC 60 30 u"]
[Site "Internet Chess Club"]
[Date "2014.06.07"]
[Round "1"]
[White "bronxbattler"]
[Black "drstrangemove"]
[Result "1-0"]
[ICCResult "Black resigns"]
[WhiteElo "2200"]
[BlackElo "1904"]
[Opening "QGD Slav: 3.Nf3"]
[ECO "D11"]
[NIC "SL.01"]
[Time "15:02:23"]
[TimeControl "3600+30"]

1. d4 d5 2. c4 c6 3. Nf3 e6 4. Qc2 dxc4 5. Qxc4 c5 6. dxc5 Qc7 7. Nc3 Bxc5
8. Ne4 Na6 9. Nxc5 Qxc5 10. Qxc5 Nxc5 11. Be3 Ne4 12. Nd2 Nxd2 13. Bxd2 Ne7
14. O-O-O e5 15. e4 Nc6 16. Bc3 f6 17. Bb5 Bd7 18. Rd6 O-O-O 19. Rhd1 Kc7
20. R6d5 Nb8 21. Bc4 Bc6 22. Rxd8 Rxd8 23. Rxd8 Kxd8 24. f3 Nd7 25. Bb4 b6
26. Bd6 Ke8 27. b4 b5 28. Bg8 h5 29. Kc2 Nf8 30. Bc5 a6 31. Kd3 Ng6 32. g3
h4 33. Ke3 hxg3 34. hxg3 Nf8 35. f4 exf4+ 36. gxf4 Bd7 37. f5 Bc6 38. Bxf8
Kxf8 39. Bd5 Be8 40. Kd4 g5 41. fxg6 Bxg6 42. Bb7 Ke7 43. Bxa6 Be8 44. Kc5
{Black resigns}
1-0

[Event "ICC 60 30 u"]
[Site "Internet Chess Club"]
[Date "2014.06.07"]
[Round "1"]
[White "bronxbattler"]
[Black "merken"]
[Result "1/2-1/2"]
[ICCResult "Game drawn by repetition"]
[WhiteElo "2200"]
[BlackElo "1968"]
[Opening "QGD: Tartakower (Makagonov-Bondarevsky) system"]
[ECO "D58"]
[NIC "QO.10"]
[Time "15:02:23"]
[TimeControl "3600+30"]

1. d4 d5 2. c4 e6 3. Nc3 Be7 4. Nf3 Nf6 5. Bg5 O-O 6. e3 h6 7. Bh4 b6 8. Qb3
Bb7 9. Bxf6 Bxf6 10. cxd5 exd5 11. Rd1 c6 12. Bd3 Nd7 13. O-O Re8 14. Bb1
Nf8 15. Rfe1 g6 16. a3 Ne6 17. Ba2 Kg7 18. Qc2 Qd7 19. b4 a5 20. e4 axb4 21.
axb4 Nf4 22. h3 Bc8 23. Re3 Qb7 24. b5 dxe4 25. Nxe4 Bf5 26. bxc6 Qa6 27.
Bb1 Bxe4 28. Rxe4 Rxe4 29. Qxe4 Ne2+ 30. Kh2 Nc3 31. Qc2 Nxd1 32. Qxd1 Qc4
33. Be4 Rd8 34. Qa1 Rxd4 35. Nxd4 Bxd4 36. Qe1 b5 37. f4 b4 38. Qb1 b3 39.
Qd3 Qxd3 40. Bxd3 Bb6 41. g3 Kf6 42. Kg2 Ke7 43. Kf3 Kd6 44. Ke2 Kxc6 45.
Kd2 Bd4 46. Bc4 b2 47. Kc2 f6 48. Bf7 g5 49. f5 Kd6 50. g4 Ke5 51. Kb1 Kf4
52. Kc2 Kg3 53. Bh5 Kxh3 54. Kb1 Be5 55. Kc2 Kg3 56. Kb1 Kh3 57. Kc2 Kg3 58.
Kb1 Kh3 59. Kc2 Kg3 {Game drawn by repetition} 1/2-1/2

[Event "ICC 60 30 u"]
[Site "Internet Chess Club"]
[Date "2014.06.07"]
[Round "1"]
[White "bronxbattler"]
[Black "DeepGreen"]
[Result "0-1"]
[ICCResult "White resigns"]
[WhiteElo "2200"]
[BlackElo "1987"]
[Opening "QGD Slav: 3.Nf3"]
[ECO "D11"]
[NIC "SL.01"]
[Time "15:02:23"]
[TimeControl "3600+30"]

1. d4 d5 2. c4 c6 3. Nf3 Nf6 4. Qc2 e6 5. Nbd2 Nbd7 6. g3 Bd6 7. Bg2 O-O 8.
O-O Re8 9. b3 e5 10. cxd5 cxd5 11. dxe5 Nxe5 12. Bb2 Bd7 13. Nxe5 Bxe5 14.
Bxe5 Rxe5 15. Nf3 Re8 16. Nd4 Rc8 17. Qb2 Bg4 18. h3 Bh5 19. Rfc1 Qd7 20.
Rxc8 Rxc8 21. Rc1 h6 22. Rc3 Bg6 23. Qc1 Rxc3 24. Qxc3 Be4 25. Qa5 b6 26.
Qb5 Qxb5 27. Nxb5 a6 28. Nc7 a5 29. Bxe4 dxe4 30. Kf1 Kf8 31. Ke1 Ke7 32.
Nb5 Nd7 33. Kd2 f5 34. Kc3 Nf6 35. Kc4 Ke6 36. Nd4+ Ke5 37. e3 g6 38. Kb5
Nd5 39. Kc6 g5 40. Kb5 f4 41. gxf4+ gxf4 42. Nc2 f3 43. Kc6 Nc3 44. Kxb6 Nd1
45. Nd4 Nxf2 46. Nc6+ Kf6 47. Nxa5 Nd1 48. Nc4 f2 49. Nd2 Ke5 50. a4 Nxe3
51. a5 Nd5+ {White resigns} 0-1

[Event "ICC 60 30 u"]
[Site "Internet Chess Club"]
[Date "2014.06.07"]
[Round "1"]
[White "bronxbattler"]
[Black "nikenwidiarto"]
[Result "1/2-1/2"]
[ICCResult "Game drawn because neither player has mating material"]
[WhiteElo "2200"]
[BlackElo "866"]
[Opening "Caro-Kann: Panov-Botvinnik, normal variation"]
[ECO "B13"]
[NIC "CK.03"]
[Time "15:02:23"]
[TimeControl "3600+30"]

1. e4 c6 2. d4 d5 3. exd5 cxd5 4. c4 Nf6 5. Nc3 Nc6 6. Bg5 e6 7. c5 Be7 8.
Bb5 O-O 9. Nf3 Ne4 10. Bxe7 Nxe7 11. O-O Nxc3 12. bxc3 b6 13. cxb6 axb6 14.
Qd3 Nf5 15. a4 Bd7 16. Ne5 Bxb5 17. axb5 Qc7 18. Nc6 Nd6 19. h3 h6 20. Rfb1
Rfc8 21. Rxa8 Rxa8 22. Qe2 Rc8 23. Ra1 Nxb5 24. Qxb5 Qxc6 25. Qxc6 Rxc6 26.
Ra3 Kf8 27. Kf1 Ke7 28. Ke2 Kd6 29. Kd3 e5 30. dxe5+ Kxe5 31. Ra7 Rf6 32.
Ke3 h5 33. Rb7 g5 34. Rb8 Rc6 35. Kd3 h4 36. Rg8 f6 37. Re8+ Kf5 38. Rd8 Ke5
39. Re8+ Kf5 40. Rd8 Rc5 41. Rd6 Rb5 42. Rd8 Ke5 43. Re8+ Kf5 44. Rd8 Ke5
45. Re8+ Kf4 46. Rf8 f5 47. g3+ hxg3 48. fxg3+ Kxg3 49. Rxf5 Kh4 50. Kd4 Rb1
51. Kxd5 Rb5+ 52. Ke4 Rb1 53. Rf3 b5 54. Kf5 Rb3 55. Ke4 Ra3 56. Rd3 Ra4+
57. Ke5 Rf4 58. Rd5 Kxh3 59. Rxb5 Rc4 60. Rb3 g4 61. Kd5 Rf4 62. c4+ Rf3 63.
Rb1 g3 64. c5 Kh2 65. c6 Rc3 66. Kd6 g2 67. c7 g1=Q 68. Rxg1 Kxg1 69. Kd7
Rxc7+ 70. Kxc7 {Game drawn because neither player has mating material}
1/2-1/2

[Event "ICC 60 30 u"]
[Site "Internet Chess Club"]
[Date "2014.06.07"]
[Round "1"]
[White "bronxbattler"]
[Black "charles-allen"]
[Result "1-0"]
[ICCResult "Black resigns"]
[WhiteElo "2200"]
[BlackElo "1892"]
[Opening "QGD: Tarrasch, Prague variation, Normal position"]
[ECO "D34"]
[NIC "TD.04"]
[Time "15:02:23"]
[TimeControl "3600+30"]

1. d4 d5 2. c4 e6 3. Nc3 c5 4. cxd5 exd5 5. Nf3 Nc6 6. g3 Nf6 7. Bg2 Be7 8.
O-O O-O 9. b3 Ne4 10. Bb2 f5 11. dxc5 Nxc3 12. Bxc3 Bxc5 13. e3 Be6 14. Bb2
Qd6 15. Rc1 Rfd8 16. Nd4 Bxd4 17. Bxd4 Nxd4 18. Qxd4 b6 19. Rfd1 Rd7 20. Rc3
Rad8 21. Rdc1 Bf7 22. h4 Bg6 23. b4 Bh5 24. a3 Be2 25. Rc6 Qe7 26. Qf4 Bd3
27. Rc7 Bc4 28. Rxd7 Qxd7 29. a4 a6 30. b5 axb5 31. axb5 Qxb5 32. Qxf5 d4
33. Qe4 d3 34. Qxc4+ Qxc4 35. Rxc4 d2 36. Bf3 d1=Q+ 37. Bxd1 Rxd1+ 38. Kg2
Rd7 39. Rc8+ Kf7 40. Rb8 Rd6 41. Rb7+ Kf6 42. f4 h6 43. g4 Rd2+ 44. Kf3 Rb2
45. g5+ hxg5 46. hxg5+ Kg6 47. e4 b5 48. f5+ Kxg5 49. Rxg7+ Kh4 50. f6 Rb1
51. e5 b4 52. Kf4 Rf1+ 53. Ke4 b3 54. Rb7 Re1+ 55. Kd4 Kg5 56. f7 Rf1 57. e6
Rf4+ 58. Ke5 Rf5+ 59. Kd6 Kg6 60. Rxb3 Kg7 61. Rg3+ {Black resigns} 1-0